 Dungeon Crawl Stone Soup version 0.32-a0-22-g6ae6769602 (webtiles) character file.

Game seed: 12499107548494384372

28 innerfire43 the Cutter (level 2, 0/21 HPs)
             Began as a Demonspawn Wanderer on Jan 18, 2024.
             Slain by a goblin
             ... wielding a +0 dagger
             ... led by Robin
              (5 damage)
             ... on level 1 of the Dungeon.
             The game lasted 00:01:13 (1182 turns).

innerfire43 the Cutter (Demonspawn Wanderer)        Turns: 1182, Time: 00:01:14

Health: 0/21       AC:  3    Str: 14    XL:     2   Next: 96%
Magic:  2/2        EV: 11    Int:  9    God:
Gold:   60         SH:  0    Dex: 13    Spells: 1/1 levels left

rFire   . . .        a - +2 short sword
rCold   . . .        (no shield)
rNeg    . . .        e - +0 leather armour
rPois   .            (no helmet)
rElec   .            (no cloak)
rCorr   .            (no gloves)
SInv    +            (no boots)
Will    .....        h - amulet of magic regeneration
Stlth   +            g - ring of see invisible
HPRegen 0.23/turn    (no ring)
MPRegen 0.48/turn

%: no passive effects
@: no status effects
A: weakness stinger 1
a: no special abilities


You were on level 1 of the Dungeon.
You visited 1 branch of the dungeon, and saw 2 of its levels.

You collected 60 gold pieces.

Inventory:

Hand Weapons
 a - a +2 short sword (weapon)
 b - a +0 mace
Armour
 e - a +0 leather armour (worn)
Jewellery
 g - a ring of see invisible (left hand)
 h - an amulet of magic regeneration (around neck)
Wands
 c - a wand of flame (4) (quivered)
Scrolls
 d - a scroll of teleportation
 f - a scroll of enchant armour {unknown}
 i - 3 scrolls of identify {unknown}
 k - a scroll of fog {unknown}
Potions
 j - a potion of ambrosia {unknown}


   Skills:
 + Level 1.5 Fighting
 * Level 4.8 Short Blades
 - Level 1.7 Maces & Flails
 + Level 1.4 Armour
 + Level 0.9 Dodging
 - Level 1.0 Evocations


You had one spell level left.
You didn't know any spells.
Your spell library contained the following spells:

 Spells                   Type           Power      Damage    Failure   Level
 Ensorcelled Hibernation  Hex/Ice        0%         N/A       58%         2
 Frozen Ramparts          Ice            0%         1d1       83%         3
 Fugue of the Fallen      Necr           0%         N/A       83%         3
 Anguish                  Hex/Necr       0%         N/A       99%         4
 Leda's Liquefaction      Alch/Erth      0%         N/A       99%         4
 Petrify                  Alch/Erth      0%         N/A       99%         4
 Metabolic Englaciation   Hex/Ice        0%         N/A       100%        5


Dungeon Overview and Level Annotations

Branches:
Dungeon (2/15)

Altars:

Annotations:
D:2 Robin


Innate Abilities, Weirdness & Mutations

You have a small tail.


Message History

The hobgoblin completely misses you. The goblin closely misses you.
You hit the hobgoblin.
You tail-slap the hobgoblin, but do no damage.
The hobgoblin is almost dead.
The hobgoblin barely misses you. The goblin hits you with a +0 club.
You closely miss the hobgoblin.
Your tail-slap misses the hobgoblin.
The hobgoblin is almost dead.
You hit the hobgoblin.
You kill the hobgoblin!
The goblin barely misses you.
You hit the goblin. You tail-slap the goblin.
You kill the goblin!
No target in view!
No target in view!
HP restored.
Done exploring.
You climb downwards.
Level annotation: Robin The frilled lizard bites you.
The goblin hits you with a +0 dagger. The goblin hits you but does no damage.
Robin roars a battlecry!
The goblins go into a battle-frenzy!
The hobgoblin misses you. The goblin hits you but does no damage.
There is a stone staircase leading up, spattered with blood here.
The frilled lizard bites you.
The goblin hits you with a +0 dagger. x2
The hobgoblin closely misses you. Robin closely misses you.
The goblin hits you but does no damage.
You climb upwards.
There is a stone staircase leading down, spattered with blood here.
You closely miss the goblin. The goblin misses you.
The hobgoblin closely misses you. The frilled lizard barely misses you.
The goblin hits you but does no damage. The goblin barely misses you.
You hit the goblin.
The goblin is severely wounded.
The goblin hits you with a +0 dagger.
The hobgoblin hits you but does no damage.
The frilled lizard barely misses you. The goblin hits you with a +0 dagger.
* * * LOW HITPOINT WARNING * * *
The goblin hits you with a +0 dagger.
You die...

#.###### #.......
################### #.######
#.................# #.#
##.##############.# #.# #.#
#.#.# #.# #.############.#.#
#.# #..........ggg.#.#####.#
############@lg........#
#############g#.#.############
#...............#.# #.......
###.#########.....# #.......
#.# #####.....#####....... #.#
#.....................
#.#####..........###########
#...........................
#######.......##.########.##


You could see 2 hobgoblins, 3 goblins and a frilled lizard.

Vanquished Creatures
  A gnoll (D:1)
  2 ball pythons (D:1)
  3 endoplasms (D:1)
  2 giant cockroaches (D:1)
  2 goblins (D:1)
  2 hobgoblins (D:1)
  A quokka (D:1)
  A bat (D:1)
  A frilled lizard (D:1)
  A kobold (D:1)
16 creatures vanquished.

Notes
Turn   | Place    | Note
-------+----------+-------------------------------------------
     0 | D:1      | innerfire43 the Demonspawn Wanderer began the quest for the
                  | Orb.
     0 | D:1      | innerfire43 set off with the following items: a +2 short
                  | sword, a +0 mace, a wand of flame (4), a scroll of
                  | teleportation, a +0 leather armour.
     0 | D:1      | Reached XP level 1. HP: 15/15 MP: 1/1
   603 | D:1      | Gained mutation: You have a small tail. [demonic ancestry]
   603 | D:1      | Reached XP level 2. HP: 15/21 MP: 2/2
  1148 | D:2      | Noticed Robin
  1182 | D:1      | Slain by a goblin

Illustrated notes

Levels and vault maps discovered:
D:1:      lightli_arrival_statue_moat, layout_basic, minmay_small_reverse_x
D:2:      layout_basic, nicolae_underground_beach, uniq_robin,
          uniq_crazy_yiuf_cottage

Action                     || total
---------------------------++-------
  Melee: Short sword       ||    60
         Tailslap          ||     5
 Armour: Leather armour    ||    38
  Dodge: Dodged            ||    39

Table legend: (Time is in decaauts)
 A = Elapsed time spent in this place.
 B = Non-inter-level travel time spent in this place.
 C = Inter-level travel time spent in this place.
 D = Time resting spent in this place.
 E = Time spent auto-exploring this place.
 F = Levels seen in this place.
 G = Mean time per level.
                   A        B        C        D        E       F      G
               +--------+--------+--------+--------+--------+-----+--------+
         Total |   1169 |   1158 |     11 |      0 |   1043 |   2 |  584.5 |
       Dungeon |   1169 |   1158 |     11 |      0 |   1043 |   2 |  584.5 |
               +--------+--------+--------+--------+--------+-----+--------+

Top non-repeatable levels by time:
     D:1: 1165 daAuts
     D:2: 4 daAuts
